 Dungeon Crawl Stone Soup version 0.22.1-1-ga44c0e5 (webtiles) character file.

4141 brandon the Destroyer (level 10, -11/50 HPs)
             Began as a Deep Elf Fire Elementalist on Oct 6, 2018.
             Was a Follower of Vehumet.
             Killed from afar by Erica (20 damage)
             ... with a bolt of poison
             ... on level 8 of the Dungeon.
             The game lasted 00:29:22 (10544 turns).

brandon the Destroyer (Deep Elf Fire Elementalist) Turns: 10544, Time: 00:29:24

Health: -11/50     AC:  6    Str:  5    XL:     10   Next: 7%
Magic:  25/25      EV: 13    Int: 24    God:    Vehumet [*.....]
Gold:   231        SH:  0    Dex: 15    Spells: 12/27 levels left

rFire    . . .     SeeInvis +   m - +1 whip (venom)
rCold    . . .     Gourm    .   (no shield)
rNeg     . . .     Faith    .   a - +0 robe
rPois    .         Spirit   .   s - +0 helmet
rElec    .         Reflect  .   B - +0 cloak
rCorr    .         Harm     .   (no gloves)
MR       +....                  E - +1 pair of boots {Stlth+}
Stlth    +++++.....             (no amulet)
HPRegen  0.16/turn              q - ring of flight
MPRegen  0.19/turn              n - ring of see invisible

@: lethally poisoned (-11 -> -30)
A: no striking features
a: Renounce Religion, Evoke Flight


You were on level 8 of the Dungeon.
You worshipped Vehumet.
Vehumet was aware of your devotion.
You were very hungry.

You visited 2 branches of the dungeon, and saw 9 of its levels.

You collected 273 gold pieces.
You spent 42 gold pieces at shops.

Inventory:

Hand Weapons
 m - a +1 whip of venom (weapon)
Armour
 a - a +0 robe (worn)
 s - a +0 helmet (worn)
 B - a +0 cloak (worn)
 E - a +1 pair of boots of stealth (worn)
Jewellery
 n - a ring of see invisible (right hand)
 q - a ring of flight (left hand)
Wands
 t - a wand of random effects (20)
Scrolls
 e - a scroll of summoning {unknown}
 f - 2 scrolls of enchant armour
 g - 5 scrolls of remove curse
 i - 4 scrolls of teleportation
 k - 2 scrolls of immolation {unknown}
 l - 2 scrolls of fog {unknown}
 o - a scroll of enchant weapon {unknown}
 p - 2 scrolls of identify
 r - a scroll of noise {unknown}
 v - 2 scrolls of magic mapping {unknown}
 y - 2 scrolls of fear
 C - 3 scrolls of acquirement {unknown}
 D - a scroll of blinking {unknown}
Potions
 b - 3 potions of might
 d - 4 potions of curing
 h - a potion of haste {unknown}
 j - 2 potions of agility {unknown}
 u - 3 potions of magic
 w - a potion of mutation {unknown}
 x - a potion of heal wounds {unknown}
 z - 2 potions of cancellation {unknown}
 A - a potion of brilliance {unknown}
Comestibles
 c - 9 rations


   Skills:
 - Level 2.4 Dodging
 - Level 8.7 Stealth
 * Level 9.2 Spellcasting
 + Level 10.1 Conjurations
 + Level 7.9 Fire Magic


You had 12 spell levels left.
You knew the following spells:

 Your Spells              Type           Power        Failure   Level  Hunger
a - Flame Tongue          Conj/Fire      #####        1%          1    None
b - Throw Flame           Conj/Fire      ######       1%          2    None
c - Conjure Flame         Conj/Fire      ######..     1%          3    None
d - Sticky Flame          Conj/Fire      ######..     1%          4    ##.....
e - Fireball              Conj/Fire      ######....   3%          5    ####...

Your spell library contained the following spells:

 Spells                   Type           Power        Failure   Level  Hunger
 Sting                    Conj/Pois      ####         1%          1    None
 Inner Flame              Hex/Fire       ####....     3%          3    None
 Confusing Touch          Hex            ##....       6%          1    None
 Confuse                  Hex            ##......     17%         3    None
 Gell's Gravitas          Tloc           ##........   17%         3    None
 Petrify                  Tmut/Erth      ##......     50%         4    ##.....
 Metabolic Englaciation   Hex/Ice        ##........   85%         5    ####...
 Yara's Violent Unravell  Hex/Tmut       ##........   85%         5    ####...


Dungeon Overview and Level Annotations

Branches:
Dungeon (8/15)             Temple (1/1) D:6            Lair (0/6) D:8

Altars:
Ashenzari
Cheibriados
Dithmenos
Elyvilon
Fedhas
Gozag
Hepliaklqana
Kikubaaqudgha
Makhleb
Nemelex Xobeh
Okawaru
Qazlal
Ru
Sif Muna
Trog
Uskayaw
Vehumet
Wu Jian
Xom
Yredelemnul
Zin
The Shining One

Shops:
D:5 %   D:6 (   D:7 (?%

Annotations:
D:4 Eustachio
D:8 Erica


Message History

You're too confused to cast spells.
There isn't anything here!
You're too confused to move!
Erica casts a spell at you. The orb of energy hits you!
Ouch! That really hurt!
* * * LOW HITPOINT WARNING * * *
Erica casts a spell at you. The bolt of poison hits you!
You are poisoned.
* * * LOW HITPOINT WARNING * * *
You feel sick.
You feel less confused.
You feel sick.
You see here 3 stones.
You feel sick. Erica gestures at you while chanting.
The bolt of poison hits you!
You are lethally poisoned!
You die...

##.#:..#....... #
#........#...# .#
#.#..#...#.##.##...#
#....##.##........#
####...@...#.##...#####
#.##.##.#.# #####...
####.......#.#######...
###.((...................
#..>)(..@(........[......
#.#########.#####....##..
#.# ###.# #.##.##.. #.#
#...# #.##...## #.###
#.### #.###.... #...# #.#
##.###..## ###.###
#.######.......# #...#
#......#....#)## ###.#
#......#.##.#.#


You could see Erica.

Vanquished Creatures
  A two-headed ogre (D:8)
  Psyche (D:8)
  Prince Ribbit (D:7)
  A hippogriff (D:7)
  A spriggan (D:6)
  An orc warrior (D:7)
  A black bear (D:7)
  An ice beast (D:5)
  2 sky beasts
  An ogre (D:7)
  3 centaurs
  A big kobold (D:8)
  Blork the orc (D:5)
  4 bullfrogs
  8 wights
  5 crimson imps
  3 hounds
  10 orc wizards
  5 orc priests
  A centaur skeleton (D:4)
  Natasha (D:4)
  3 iguanas
  5 worker ants
  2 hound skeletons (D:4)
  A worker ant zombie (D:8)
  3 gnolls (D:2)
  7 adders
  2 shadow imps
  2 worms
  2 dart slugs
  5 leopard geckos
  27 orcs
  6 bats
  3 giant cockroaches
  9 goblins
  8 hobgoblins
  5 jackals
  12 kobolds
  4 quokkas
  5 frilled lizards
  3 quokka skeletons
  A quokka zombie (D:6)
  7 rats
175 creatures vanquished.

Vanquished Creatures (others)
  4 toadstools (D:1)
4 creatures vanquished.

Grand Total: 179 creatures vanquished

Notes
Turn   | Place    | Note
-------+----------+-------------------------------------------
     0 | D:1      | brandon the Deep Elf Fire Elementalist began the quest for
                  | the Orb.
     0 | D:1      | Reached XP level 1. HP: 10/10 MP: 6/6
   351 | D:1      | Reached XP level 2. HP: 15/15 MP: 6/8
   358 | D:1      | Learned a level 2 spell: Throw Flame
   884 | D:2      | Reached skill level 2 in Conjurations
  1019 | D:2      | Reached XP level 3. HP: 13/19 MP: 6/9
  1257 | D:1      | Learned a level 3 spell: Conjure Flame
  1481 | D:2      | Reached XP level 4. HP: 24/24 MP: 0/11
  1796 | D:2      | Learned a level 4 spell: Sticky Flame
  1944 | D:3      | Found a faded altar of an unknown god.
  2159 | D:3      | Reached skill level 3 in Conjurations
  2518 | D:3      | Reached XP level 5. HP: 28/28 MP: 10/13
  2848 | D:3      | Found a sparkling altar of Nemelex Xobeh.
  2945 | D:4      | Noticed Eustachio
  3183 | D:4      | Found an opulent altar of Gozag.
  3213 | D:4      | Noticed an ogre
  3228 | D:4      | Reached skill level 4 in Conjurations
  3607 | D:4      | Reached XP level 6. HP: 32/32 MP: 4/14
  4110 | D:4      | Noticed Natasha
  4116 | D:4      | Killed Natasha
  4306 | D:4      | Reached skill level 5 in Spellcasting
  4306 | D:4      | Reached skill level 5 in Conjurations
  4311 | D:4      | Got a jet-encrusted leather armour
  4322 | D:4      | Identified the +0 leather armour of Hihu {Regen+} (You
                  | found it on level 4 of the Dungeon)
  4328 | D:4      | Learned a level 5 spell: Fireball
  4363 | D:5      | Entered Level 5 of the Dungeon
  4470 | D:5      | Reached XP level 7. HP: 33/36 MP: 14/16
  4536 | D:5      | Reached skill level 5 in Stealth
  4562 | D:5      | Found Eqoidoemi's Food Shop.
  4660 | D:5      | Reached skill level 5 in Fire Magic
  5025 | D:5      | Reached skill level 6 in Conjurations
  5512 | D:5      | Noticed Blork the orc
  5526 | D:5      | Killed Blork the orc
  5718 | D:5      | Reached XP level 8. HP: 36/41 MP: 14/19
  6164 | D:6      | Found a staircase to the Ecumenical Temple.
  6176 | Temple   | Entered the Ecumenical Temple
  6218 | Temple   | Became a worshipper of Vehumet
  6523 | D:6      | Reached skill level 7 in Conjurations
  6799 | D:6      | Found Cexzy's Weapon Emporium.
  7328 | D:6      | Found a deep blue altar of Sif Muna.
  7379 | D:7      | Found Noschook's Magic Scroll Emporium.
  7384 | D:7      | Bought a scroll of fear for 42 gold pieces
  7467 | D:7      | Noticed a hippogriff
  7488 | D:7      | Killed a hippogriff
  7704 | D:7      | Found Ciwofin's Food Emporium.
  7781 | D:7      | Reached skill level 8 in Conjurations
  7852 | D:7      | Found Vuboidogu's Antique Weapon Shop.
  8360 | D:7      | Reached XP level 9. HP: 39/45 MP: 1/22
  8734 | D:7      | Noticed Prince Ribbit
  8745 | D:7      | Killed Prince Ribbit
  8863 | D:7      | Reached skill level 9 in Conjurations
  9113 | D:7      | Reached * piety under Vehumet
  9113 | D:7      | Offered knowledge of Sting by Vehumet.
  9594 | D:8      | Noticed Psyche
  9772 | D:8      | Noticed a two-headed ogre
  9791 | D:8      | Killed a two-headed ogre
  9791 | D:8      | Reached skill level 10 in Conjurations
 10048 | D:8      | Found a staircase to the Lair.
 10095 | D:8      | Found a white marble altar of Elyvilon.
 10110 | D:8      | Killed Psyche
 10110 | D:8      | Reached XP level 10. HP: 50/50 MP: 6/25
 10114 | D:8      | Noticed Erica
 10544 | D:8      | Killed from afar by Erica

Skill      XL: |  1  2  3  4  5  6  7  8  9 |
---------------+----------------------------+-----
Conjurations   | 2 3 4 5 6 8 10 | 10.1
Stealth        | 3 4 5 7 8 |  8.7
Spellcasting   | 4 5 6 7 9 |  9.2
Fire Magic     | 4 5 6 7 |  7.9
Dodging        | |  2.4

Action                   |  1- 3 |  4- 6 |  7- 9 | 10-12 || total
-------------------------+-------+-------+-------+-------++-------
Melee: Whip              |     6 |    43 |    78 |       ||   127
 Cast: Flame Tongue      |    40 |    56 |   148 |     8 ||   252
       Conjure Flame     |     2 |     4 |    16 |       ||    22
       Throw Flame       |       |    44 |    53 |       ||    97
       Sticky Flame      |       |    12 |    13 |     1 ||    26
       Fireball          |       |       |    19 |       ||    19
  Use: Scroll            |     1 |     4 |     2 |       ||     7
 Stab: Sleeping          |       |     1 |       |       ||     1
  Eat: Chunk             |     2 |    11 |    13 |       ||    26
       Ration            |       |       |     3 |       ||     3
Armor: Robe              |     2 |    16 |    21 |     1 ||    40
Dodge: Dodged            |     8 |    52 |    69 |     4 ||   133
